 Dungeon Crawl Stone Soup version 0.29.1-1-gd02db6906a (webtiles) character file.

Game seed: 12151615685241751608

626 jamesp the Grasshopper (level 7, -4/49 (52) HPs)
             Began as a Barachi Warper on Sept 29, 2022.
             Slain by a gnoll bouda
             ... wielding a +0 club
              (7 damage)
             ... on level 8 of the Dungeon.
             The game lasted 00:20:17 (5839 turns).

jamesp the Grasshopper (Barachi Warper)             Turns: 5839, Time: 00:20:18

HP:   -4/49 (52)    AC:  7    Str: 13    XL:     7   Next: 47%
MP:   13/13         EV: 10    Int: 15    God:
Gold: 197           SH:  0    Dex: 11    Spells: 7/14 levels left

rFire   . . .      SeeInvis .   a - +0 falchion
rCold   . . .      Faith    .   (no shield)
rNeg    . . .      Spirit   .   r - +1 ring mail {rPois}
rPois   +          Reflect  .   (no helmet)
rElec   .          Harm     .   (no cloak)
rCorr   .          Rampage  .   (no gloves)
Will    .....                   l - +0 pair of boots
Stlth   +.........              (no amulet)
HPRegen 0.16/turn               (no ring)
MPRegen 0.13/turn               (no ring)

@: mighty, unable to hop, drained, slow
A: amphibious, slowness 1, strong legs 1, +LOS
a: Hop


You were on level 8 of the Dungeon.
You visited 1 branch of the dungeon, and saw 6 of its levels.

You collected 197 gold pieces.

Inventory:

Hand Weapons
 a - a +0 falchion (weapon)
 v - a +0 great sword
 y - a +2 shortbow of flaming
Missiles
 d - 6 boomerangs of dispersal (quivered)
 e - 20 poisoned darts
 k - 38 stones
 q - 3 boomerangs
Armour
 b - a +0 leather armour
 l - a +0 pair of boots (worn)
 o - the +0 robe of Polish {Contam Slay+4}
   (You took it off a goblin on level 2 of the Dungeon)

   Slay:      It affects your accuracy & damage with ranged weapons and melee
   (+4).
   Contam:    It causes magical contamination when unequipped.
 r - a +1 ring mail of poison resistance (worn)
Magical Staves
 n - a staff of fire
Jewellery
 f - an amulet of regeneration
Scrolls
 c - a scroll of blinking
 i - 5 scrolls of immolation {unknown}
 m - a scroll of brand weapon {unknown}
 p - a scroll of poison {unknown}
 s - a scroll of fear {unknown}
 t - a scroll of summoning {unknown}
 u - 2 scrolls of noise
 B - a scroll of butterflies {unknown}
Potions
 g - a potion of lignification
 z - a potion of cancellation


   Skills:
 - Level 3.0 Fighting
 + Level 5.3 Long Blades
 - Level 1.0 Throwing
 - Level 3.0 Armour
 - Level 2.1 Dodging
 - Level 4.0 Spellcasting
 + Level 5.4 Translocations
 + Level 3.1 Poison Magic


You had 7 spell levels left.
You knew the following spells:

 Your Spells              Type           Power      Damage    Failure   Level
a - Olgreb's Toxic Radia  Pois           12%        N/A       71%         4
b - Blink                 Tloc           38%        N/A       6%          2
c - Sting                 Tmut/Pois      28%        1d4       21%         1

Your spell library contained the following spells:

 Spells                   Type           Power      Damage    Failure   Level
 Gell's Gravitas          Tloc           19%        N/A       12%         3
 Lesser Beckoning         Tloc           19%        N/A       12%         3
 Teleport Other           Tloc           19%        N/A       12%         3
 Poisonous Vapours        Pois/Air       14%        N/A       30%         2
 Ozocubu's Armour         Ice            3%         N/A       73%         3
 Stone Arrow              Conj/Erth      6%         3d7       73%         3
 Manifold Assault         Tloc           19%        N/A       73%         5
 Animate Armour           Summ/Erth      6%         N/A       98%         4
 Ozocubu's Refrigeration  Ice            1%         4d7       100%        7
 Lehudib's Crystal Spear  Conj/Erth      1%         10d2      100%        8


Dungeon Overview and Level Annotations

Branches:
Dungeon (5/15)
 Temple: D:4-7

Altars:
Uskayaw
Wu Jian

Shops:
D:1 *:

Annotations:
D:4 2 transporters, RogueRain17's ghost, amateur DjMo


Innate Abilities, Weirdness & Mutations

You are amphibious.
You cover ground slowly.
You can hop short distances.
You have an extended range of vision and can be seen from far away.


Message History

Press: ? - help, Q - select action, (/) - cycle Shift-Dir - straight line, f/p - centaur
Aim: a centaur, wielding a +0 shortbow (heavily wounded, 68% to hit)
You throw a boomerang of dispersal.
The boomerang of dispersal hits the centaur.
The centaur blinks!
The centaur is severely wounded.
The centaur shoots an arrow.
The arrow hits you.
* * * LOW HITPOINT WARNING * * *
A gnoll bouda comes into view. It is wielding a +0 club.
The centaur shoots an arrow.
The arrow hits you.
* * * LOW HITPOINT WARNING * * *
Throw: 8 boomerangs (disperse)
Press: ? - help, Q - select action, (/) - cycle Shift-Dir - straight line, f/p - centaur
Aim: a centaur, wielding a +0 shortbow (severely wounded, 68% to hit)
You throw a boomerang of dispersal.
The boomerang of dispersal hits the centaur.
The centaur blinks!
The centaur is almost dead.
The centaur shoots an arrow.
The arrow misses you.
The gnoll bouda barks out a call to the hunt!
You hear a shout!
Throw: 7 boomerangs (disperse)
Press: ? - help, Q - select action, (/) - cycle Shift-Dir - straight line, f/p - centaur
Aim: a centaur, wielding a +0 shortbow (almost dead, 68% to hit)
You throw a boomerang of dispersal.
The boomerang of dispersal hits the centaur.
The centaur blinks!
The centaur is almost dead.
You feel better.
A gnoll comes into view. It is wielding a +0 spear.
The gnoll bouda hits you but does no damage.
You feel very mighty all of a sudden.
The gnoll bouda hits you with a +0 club.
* * * LOW HITPOINT WARNING * * *
You barely miss the gnoll bouda.
The gnoll hits you from afar with a +0 spear.
* * * LOW HITPOINT WARNING * * *
A gnoll comes into view. It is wielding a +0 halberd.
The gnoll bouda hits you with a +0 club!
You die...

### ... ## #.#
g #.#.# ###
######g#g#...#.
#...@gc....(...
#.####.$.......
#.........
#..######. #..#
#..# #..# #..#
#..#


You could see a centaur, a gnoll bouda and 2 gnolls.

Vanquished Creatures
  An ice beast (D:8)
  An ogre (D:4)
  A centaur (D:8)
  A kobold brigand (D:4)
  A bullfrog (D:8)
  A jelly (D:3)
  A hound (D:4)
  An orc priest (D:4)
  An orc wizard (D:3)
  4 adders
  A dart slug (D:3)
  6 orcs
  8 endoplasms
  7 goblins
  6 hobgoblins
  A jackal (D:1)
  3 quokkas
  6 ball pythons
  3 bats
  A frilled lizard (D:2)
  25 kobolds
  6 rats
86 creatures vanquished.

Vanquished Creatures (others)
  An orc (D:4)
  81 plants (D:4)
82 creatures vanquished.

Grand Total: 168 creatures vanquished

Notes
Turn   | Place    | Note
-------+----------+-------------------------------------------
     0 | D:1      | jamesp the Barachi Warper began the quest for the Orb.
     0 | D:1      | Reached XP level 1. HP: 17/17 MP: 3/3
   298 | D:1      | Found Onwin's Book Emporium.
   365 | D:1      | Found Witire Heuma's Assorted Antiques.
   408 | D:1      | Found Cuik's Antique Armour Emporium.
   427 | D:1      | Reached XP level 2. HP: 17/23 MP: 5/5
   988 | D:2      | Reached XP level 3. HP: 26/28 MP: 6/6
  1598 | D:2      | Identified the +0 robe of Polish {Contam Slay+4}
  2077 | D:3      | Found a faded altar of an unknown god.
  2215 | D:3      | Reached XP level 4. HP: 31/35 MP: 8/8
  2248 | D:3      | Learned a level 4 spell: Olgreb's Toxic Radiance
  2452 | D:3      | Learned a level 2 spell: Blink
  3109 | D:4      | Noticed an ogre
  3316 | D:4      | Reached XP level 5. HP: 29/41 MP: 9/9
  3425 | D:4      | Found an ornate altar of the Wu Jian Council.
  3432 | D:4      | Noticed a spectral centipede
  3432 | D:4      | Noticed a spectral black mamba
  3432 | D:4      | Noticed a spectral cane toad
  3770 | D:4      | Found a transporter.
  3770 | D:4      | Noticed RogueRain17's ghost (amateur DjMo)
  3814 | D:4      | Found a hide-covered altar of Uskayaw.
  4618 | D:4      | Reached XP level 6. HP: 21/47 MP: 11/11
  4656 | D:4      | Reached skill level 1 in Poison Magic
  4880 | D:4      | Found a transporter.
  5019 | D:5      | Entered Level 5 of the Dungeon
  5019 | D:5      | You fall into a shaft and drop 3 floors!
  5103 | D:8      | Reached skill level 5 in Translocations
  5103 | D:8      | Reached XP level 7. HP: 18/52 MP: 11/13
  5319 | D:8      | Reached skill level 5 in Long Blades
  5750 | D:8      | Learned a level 1 spell: Sting
  5832 | D:8      | HP: 1/49 [centaur/arrow (6)]
  5839 | D:8      | Slain by a gnoll bouda

Illustrated notes

Levels and vault maps discovered:
D:1:      dpeg_arrival_chambers_temple_mockup, layout_basic, serial_shops,
          nicolae_diamond_shop, shop, shop, minmay_indecisive_spiral
D:2:      layout_basic, minmay_ruptured
D:3:      layout_loops_cross, hellmonk_ecumenical_altar_leap_of_faith
D:4:      kennysheep_kobold_camp, layout_rooms,
          pdpol_wu_jian_five_deadly_venoms, amcnicky_altar_gilded,
          gammafunk_ghost_mausoleum, amethyst_killhole
D:5:      layout_rooms, mainiacjoe_overflow_boulevard,
          minmay_temple_entry_arrows, nicolae_shop_fire_sale
          [nicolae_sub_dead_trees]
D:8:      layout_basic

Skill      XL: |  1  2  3  4  5  6  7 |
---------------+----------------------+-----
Armour         | 2 3 |  3.0
Long Blades    | 3 4 5 |  5.3
Fighting       | 3 |  3.0
Translocations | 4 5 |  5.4
Spellcasting   | 3 4 |  4.0
Poison Magic   | 2 3 |  3.1
Throwing       | |  1.0
Dodging        | |  2.1

Action                   |  1- 3 |  4- 6 |  7- 9 || total
-------------------------+-------+-------+-------++-------
Melee: Falchion          |   144 |   156 |    38 ||   338
       Punch             |       |     2 |       ||     2
Throw: Stone             |    18 |     6 |       ||    24
       Dart              |       |    12 |       ||    12
       Boomerang         |       |       |     4 ||     4
 Cast: Blink             |       |       |     1 ||     1
 Abil: Hop               |       |     2 |     1 ||     3
Evoke: Wand              |       |     4 |     1 ||     5
  Use: Scroll            |     1 |     5 |     2 ||     8
       Potion            |     1 |     2 |     3 ||     6
 Stab: Sleeping          |     1 |       |       ||     1
Armor: Leather armour    |    44 |     4 |       ||    48
       Ring mail         |       |    72 |    16 ||    88
Dodge: Dodged            |   105 |    94 |    23 ||   222
